SL
ATLANTA SMOKE @ NORTHERN VIRGINIA RETRIEVERS
09/24/2018
 
TOP OF THE 1ST
Atlanta Smoke batting - Pitching for Northern Virginia Retrievers : RHP Henry Hall
Pitching: RHP Henry Hall
Batting: LHB Egidio Agnolutto 0-0: SINGLE (Line Drive, 7S)
Batting: LHB Mike Blue 0-0: Called Strike
0-1: Ball
1-1: Ball
2-1: Ball
3-1: Fly out, F8 (Flyball, 89M)
Batting: RHB Chris Smith 0-0: Ball
1-0: Ball
Egidio Agnolutto steals 2nd base
2-0: Foul Ball, location: 2F
2-1: Ball
3-1: Ground out 6-3 (Groundball, 6)
Egidio Agnolutto to third
Batting: RHB Nathan Horton 0-0: Swinging Strike
0-1: Foul Ball, location: 2F
0-2: Fly out, F9 (Flyball, 9S)
Top of the 1st over - 0 run(s), 1 hit(s), 0 error(s), 1 left on base; Atlanta 0 - Northern Virginia 0
BOTTOM OF THE 1ST
Northern Virginia Retrievers batting - Pitching for Atlanta Smoke : RHP Pete Nicholls
Pitching: RHP Pete Nicholls
Batting: RHB Shi-young Chang 0-0: Ball
1-0: Called Strike
1-1: Foul Ball, location: 2F
1-2: Strikes out looking
Batting: LHB Ye Der 0-0: Ball
1-0: Foul Ball, location: 2F
1-1: Ball
2-1: Swinging Strike
2-2: DOUBLE (Line Drive, 89M)
Batting: RHB Ben Ross 0-0: Ball
1-0: Called Strike
1-1: Called Strike
1-2: Ball
2-2: Ball
3-2: SINGLE (Groundball, 6MD)
Ye Der to third
Runner from 3rd tries for Home, SAFE, no throw or cutoff
Batting: RHB Manuel Romo 0-0: Foul Ball, location: 2F
0-1: Ball
1-1: Foul Ball, location: 2F
1-2: Ball
2-2: Strikes out looking
Batting: LHB Harlan Price 0-0: Ball
1-0: Foul Ball, location: 2F
1-1: Foul Ball, location: 2F
1-2: Ball
2-2: Foul Ball, location: 2F
2-2: Fielders Choice at 2nd, U6 (Groundball, 6M)
Bottom of the 1st over - 1 run(s), 2 hit(s), 0 error(s), 1 left on base; Atlanta 0 - Northern Virginia 1
TOP OF THE 2ND
Atlanta Smoke batting - Pitching for Northern Virginia Retrievers : RHP Henry Hall
Batting: LHB Armando Esparza 0-0: Ball
1-0: SOLO HOME RUN (Flyball, 9D), Distance : 389 ft
Batting: RHB Nate Cates 0-0: Called Strike
0-1: Ball
1-1: Called Strike
1-2: Ball
2-2: Strikes out swinging
Batting: RHB Mal Bussard 0-0: Foul Ball, location: 2F
0-1: Swinging Strike
0-2: Ball
1-2: Ball
2-2: Strikes out swinging
Batting: LHB Roberto Rodríguez 0-0: SOLO HOME RUN (Flyball, 9D), Distance : 385 ft
Batting: RHB Pete Nicholls 0-0: Ground out 6-3 (Groundball, 6)
Top of the 2nd over - 2 run(s), 2 hit(s), 0 error(s), 0 left on base; Atlanta 2 - Northern Virginia 1
BOTTOM OF THE 2ND
Northern Virginia Retrievers batting - Pitching for Atlanta Smoke : RHP Pete Nicholls
Batting: RHB Donald Stanley 0-0: Fly out, F3 (Popup, 4)
Batting: LHB Roberto Salazar 0-0: Swinging Strike
0-1: Ball
1-1: Foul Ball, location: 2F
1-2: Foul Ball, location: 2F
1-2: Foul Ball, location: 2F
1-2: Strikes out swinging
Batting: RHB Casey Washington 0-0: Ball
1-0: Called Strike
1-1: Ball
2-1: Called Strike
2-2: Foul Ball, location: 2F
2-2: Strikes out swinging
Bottom of the 2nd over - 0 run(s), 0 hit(s), 0 error(s), 0 left on base; Atlanta 2 - Northern Virginia 1
TOP OF THE 3RD
Atlanta Smoke batting - Pitching for Northern Virginia Retrievers : RHP Henry Hall
Batting: LHB Egidio Agnolutto 0-0: Ball
1-0: Fly out, F9 (Flyball, 9D)
Batting: LHB Mike Blue 0-0: Called Strike
0-1: Ball
1-1: SINGLE (Groundball, 56)
Batting: RHB Chris Smith 0-0: Foul Ball, location: 2F
0-1: Grounds into double play, U6-3 (Groundball, 6M)
Top of the 3rd over - 0 run(s), 1 hit(s), 0 error(s), 0 left on base; Atlanta 2 - Northern Virginia 1
BOTTOM OF THE 3RD
Northern Virginia Retrievers batting - Pitching for Atlanta Smoke : RHP Pete Nicholls
Batting: RHB Henry Hall 0-0: DOUBLE (Flyball, 8RM)
Pitching: RHP Mike Farrell
Batting: RHB Shi-young Chang 0-0: Ball
1-0: Ground out 5-3 (Groundball, 56)
Batting: LHB Ye Der 0-0: Ball
1-0: Fly out, F9 (Flyball, 89M)
Batting: RHB Ben Ross 0-0: Ball
1-0: Called Strike
1-1: Swinging Strike
1-2: Ball
2-2: Foul Ball, location: 2F
2-2: Strikes out looking
Bottom of the 3rd over - 0 run(s), 1 hit(s), 0 error(s), 1 left on base; Atlanta 2 - Northern Virginia 1
TOP OF THE 4TH
Atlanta Smoke batting - Pitching for Northern Virginia Retrievers : RHP Henry Hall
Batting: RHB Nathan Horton 0-0: Ball
1-0: Ground out 6-3 (Groundball, 6M)
Batting: LHB Armando Esparza 0-0: Ball
1-0: Ball
2-0: Swinging Strike
2-1: Swinging Strike
2-2: Ball
3-2: Foul Ball, location: 2F
3-2: Foul Ball, location: 2F
3-2: Strikes out swinging
Batting: RHB Nate Cates 0-0: Ball
1-0: DOUBLE (Line Drive, 78S)
Batting: RHB Mal Bussard 0-0: Ball
1-0: Foul Ball, location: 2F
1-1: Swinging Strike
1-2: Ball
2-2: Strikes out swinging
Top of the 4th over - 0 run(s), 1 hit(s), 0 error(s), 1 left on base; Atlanta 2 - Northern Virginia 1
BOTTOM OF THE 4TH
Northern Virginia Retrievers batting - Pitching for Atlanta Smoke : RHP Mike Farrell
Batting: RHB Manuel Romo 0-0: Called Strike
0-1: Ball
1-1: Fly out, F5 (Line Drive, 5S)
Batting: LHB Harlan Price 0-0: Ball
1-0: Ball
2-0: Foul Ball, location: 2F
2-1: Ball
3-1: Ground out U3 (Groundball, 3L)
Batting: RHB Donald Stanley 0-0: Ball
1-0: Foul Ball, location: 2F
1-1: Ground out 5-3 (Groundball, 5)
Bottom of the 4th over - 0 run(s), 0 hit(s), 0 error(s), 0 left on base; Atlanta 2 - Northern Virginia 1
TOP OF THE 5TH
Atlanta Smoke batting - Pitching for Northern Virginia Retrievers : RHP Henry Hall
Batting: LHB Roberto Rodríguez 0-0: Ball
1-0: Foul Ball, location: 2F
1-1: Fly out, F8 (Flyball, 78XD)
Batting: RHB Mike Farrell 0-0: Called Strike
0-1: Swinging Strike
0-2: Strikes out looking
Batting: LHB Egidio Agnolutto 0-0: Ground out 4-3 (Groundball, 13)
Top of the 5th over - 0 run(s), 0 hit(s), 0 error(s), 0 left on base; Atlanta 2 - Northern Virginia 1
BOTTOM OF THE 5TH
Northern Virginia Retrievers batting - Pitching for Atlanta Smoke : RHP Mike Farrell
Batting: LHB Roberto Salazar 0-0: Called Strike
0-1: Foul Ball, location: 2F
0-2: SINGLE (Groundball, 3D)
Batting: RHB Casey Washington 0-0: Ball
1-0: Foul Ball, location: 2F
1-1: SINGLE (Line Drive, 6M)
Roberto Salazar to second
Pitching: LHP Rick Payne
Batting: RHB Henry Hall 0-0: Bunted foul
0-1: Ball
1-1: Sac Bunt - play at first, batter OUT! 1-4
Roberto Salazar to third
Casey Washington to second
Batting: RHB Shi-young Chang 0-0: Foul Ball, location: 2F
0-1: Ball
1-1: Swinging Strike
1-2: Ball
2-2: Ball
3-2: Base on Balls
Batting: LHB Ye Der 0-0: Called Strike
0-1: Ball
1-1: Ball
2-1: Foul Ball, location: 2F
2-2: Ball
3-2: Foul Ball, location: 2F
3-2: Strikes out swinging
Batting: RHB Ben Ross 0-0: Ball
1-0: Ball
2-0: Foul Ball, location: 2F
2-1: Foul Ball, location: 2F
2-2: Fielders Choice at 2nd, 6-4 (Groundball, 6)
Bottom of the 5th over - 0 run(s), 2 hit(s), 0 error(s), 2 left on base; Atlanta 2 - Northern Virginia 1
TOP OF THE 6TH
Atlanta Smoke batting - Pitching for Northern Virginia Retrievers : RHP Henry Hall
Batting: LHB Mike Blue 0-0: SINGLE (Groundball, 34S)
Batting: RHB Chris Smith 0-0: Swinging Strike
0-1: Grounds into double play, 4-6-3 (Groundball, 4)
Batting: RHB Nathan Horton 0-0: Called Strike
0-1: Called Strike
0-2: Foul Ball, location: 2F
0-2: Foul Ball, location: 2F
0-2: Ball
1-2: Ball
2-2: Foul Ball, location: 2F
2-2: Ground out 1-3 (Groundball, 13)
Top of the 6th over - 0 run(s), 1 hit(s), 0 error(s), 0 left on base; Atlanta 2 - Northern Virginia 1
BOTTOM OF THE 6TH
Northern Virginia Retrievers batting - Pitching for Atlanta Smoke : LHP Rick Payne
Batting: RHB Manuel Romo 0-0: Ball
1-0: Foul Ball, location: 2F
1-1: DOUBLE (Line Drive, 9LS)
Pitching: RHP Brandon Bannatyne
Batting: LHB Harlan Price 0-0: Called Strike
0-1: Ball
1-1: Ball
2-1: Foul Ball, location: 2F
2-2: Foul Ball, location: 2F
2-2: Strikes out swinging
Batting: RHB Donald Stanley 0-0: Swinging Strike
0-1: Foul Ball, location: 2F
0-2: Foul Ball, location: 2F
0-2: Ball
1-2: Ball
2-2: Strikes out swinging
Batting: LHB Roberto Salazar 0-0: Foul Ball, location: 2F
0-1: Ball
1-1: Ball
2-1: Ball
3-1: Ground out 6-3 (Groundball, 6)
Bottom of the 6th over - 0 run(s), 1 hit(s), 0 error(s), 1 left on base; Atlanta 2 - Northern Virginia 1
TOP OF THE 7TH
Atlanta Smoke batting - Pitching for Northern Virginia Retrievers : RHP Henry Hall
Batting: LHB Armando Esparza 0-0: Foul Ball, location: 2F
0-1: Ball
1-1: Ball
2-1: Ground out 6-3 (Groundball, 6)
Batting: RHB Nate Cates 0-0: Ball
1-0: Called Strike
1-1: Foul Ball, location: 2F
1-2: Fly out, F7 (Flyball, 78XD)
Batting: RHB Mal Bussard 0-0: Ball
1-0: Ground out 6-3 (Groundball, 6)
Top of the 7th over - 0 run(s), 0 hit(s), 0 error(s), 0 left on base; Atlanta 2 - Northern Virginia 1
BOTTOM OF THE 7TH
Northern Virginia Retrievers batting - Pitching for Atlanta Smoke : RHP Brandon Bannatyne
Batting: RHB Casey Washington 0-0: Ball
1-0: Ball
2-0: Foul Ball, location: 2F
2-1: Swinging Strike
2-2: Ball
3-2: Strikes out swinging
Pinch Hitting: RHB Micheal Murdoch 0-0: Ground out 6-3 (Groundball, 56)
Batting: RHB Shi-young Chang 0-0: Called Strike
0-1: Hit by Pitch
Batting: LHB Ye Der 0-0: Ball
1-0: Ball
2-0: Swinging Strike
2-1: Foul Ball, location: 2F
2-2: Ground out U3 (Groundball, 3S)
Bottom of the 7th over - 0 run(s), 0 hit(s), 0 error(s), 1 left on base; Atlanta 2 - Northern Virginia 1
TOP OF THE 8TH
Atlanta Smoke batting - Pitching for Northern Virginia Retrievers : RHP Henry Hall
Pitching: LHP Anthony Correa
Batting: LHB Roberto Rodríguez 0-0: Called Strike
0-1: Swinging Strike
0-2: Strikes out swinging
Batting: RHB Brandon Bannatyne 0-0: Ball
1-0: Ground out 4-3 (Groundball, 4)
Batting: LHB Egidio Agnolutto 0-0: Called Strike
0-1: Ball
1-1: Ball
2-1: Foul Ball, location: 2F
2-2: Ball
3-2: Base on Balls
Pitching: RHP Michael Fletcher
Batting: LHB Mike Blue 0-0: Ball
1-0: Called Strike
1-1: Foul Ball, location: 2F
1-2: Ball
2-2: Foul Ball, location: 2F
2-2: Ball
Egidio Agnolutto steals 2nd base
3-2: Base on Balls
Batting: RHB Chris Smith 0-0: Foul Ball, location: 2F
0-1: Foul Ball, location: 2F
0-2: Strikes out swinging
Top of the 8th over - 0 run(s), 0 hit(s), 0 error(s), 2 left on base; Atlanta 2 - Northern Virginia 1
BOTTOM OF THE 8TH
Northern Virginia Retrievers batting - Pitching for Atlanta Smoke : RHP Brandon Bannatyne
Now at 2B: Stan Hughes
Batting: RHB Ben Ross 0-0: Ball
1-0: Ground out 6-3 (Groundball, 6M)
Batting: RHB Manuel Romo 0-0: Called Strike
0-1: Foul Ball, location: 2F
0-2: Strikes out swinging
Batting: LHB Harlan Price 0-0: Ball
1-0: Called Strike
1-1: Swinging Strike
1-2: Ball
2-2: Strikes out swinging
Bottom of the 8th over - 0 run(s), 0 hit(s), 0 error(s), 0 left on base; Atlanta 2 - Northern Virginia 1
TOP OF THE 9TH
Atlanta Smoke batting - Pitching for Northern Virginia Retrievers : RHP Michael Fletcher
Pitching: LHP Will Savage
Batting: RHB Stan Hughes 0-0: Ball
1-0: Fly out, F3 (Popup, 3L)
Batting: LHB Armando Esparza 0-0: Ball
1-0: Swinging Strike
1-1: Foul Ball, location: 2F
1-2: Ball
2-2: Ball
3-2: Strikes out swinging
Batting: RHB Nate Cates 0-0: Called Strike
0-1: Ball
1-1: Fly out, F4 (Popup, 4D)
Top of the 9th over - 0 run(s), 0 hit(s), 0 error(s), 0 left on base; Atlanta 2 - Northern Virginia 1
BOTTOM OF THE 9TH
Northern Virginia Retrievers batting - Pitching for Atlanta Smoke : RHP Brandon Bannatyne
Batting: RHB Donald Stanley 0-0: Ball
1-0: Ground out 5-3 (Groundball, 5L)
Batting: LHB Roberto Salazar 0-0: Called Strike
0-1: Foul Ball, location: 2F
0-2: Foul Ball, location: 2F
0-2: SINGLE (Groundball, 5S) (infield hit)
Pitching: RHP Lance Hodges
Batting: RHB Casey Washington 0-0: Called Strike
0-1: Called Strike
0-2: Ball
1-2: Ball
2-2: Ball
3-2: Strikes out swinging
Pinch Hitting: RHB Christian O'Dell 0-0: Swinging Strike
0-1: Ball
1-1: Foul Ball, location: 2F
1-2: Strikes out swinging wild pitch, reaches first!
Roberto Salazar to second
Batting: RHB Shi-young Chang 0-0: Called Strike
0-1: Ball
1-1: Ball
2-1: Ball
3-1: DOUBLE (Line Drive, 9LM)
Roberto Salazar scores
Christian O'Dell to third
Batting: LHB Ye Der 0-0: Called Strike
0-1: Ball
1-1: Foul Ball, location: 2F
1-2: Ball
2-2: Ball
3-2: Strikes out swinging
Bottom of the 9th over - 1 run(s), 2 hit(s), 0 error(s), 2 left on base; Atlanta 2 - Northern Virginia 2
TOP OF THE 10TH
Atlanta Smoke batting - Pitching for Northern Virginia Retrievers : LHP Will Savage
Pitching: RHP Jud White
Batting: RHB Mal Bussard 0-0: Ball
1-0: Foul Ball, location: 2F
1-1: Ball
2-1: Foul Ball, location: 2F
2-2: Foul Ball, location: 2F
2-2: Strikes out swinging
Batting: LHB Roberto Rodríguez 0-0: Foul Ball, location: 2F
0-1: Ball
1-1: Swinging Strike
1-2: Ball
2-2: Ball
3-2: Ground out 3-1 (Groundball, 3L)
Pinch Hitting: LHB Cristián Baca 0-0: Ball
1-0: Called Strike
1-1: Ball
2-1: Ground out 4-3 (Groundball, 4)
Top of the 10th over - 0 run(s), 0 hit(s), 0 error(s), 0 left on base; Atlanta 2 - Northern Virginia 2
BOTTOM OF THE 10TH
Northern Virginia Retrievers batting - Pitching for Atlanta Smoke : RHP Lance Hodges
Pitching: LHP Randy Hoffman
Batting: RHB Ben Ross 0-0: Ground out 6-3 (Groundball, 6)
Batting: RHB Manuel Romo 0-0: Called Strike
0-1: Foul Ball, location: 2F
0-2: Ball
1-2: Foul Ball, location: 2F
1-2: Fly out, F8 (Flyball, 78D)
Pinch Hitting: RHB Carlos Vázquez 0-0: Ground out 4-3 (Groundball, 4M)
Bottom of the 10th over - 0 run(s), 0 hit(s), 0 error(s), 0 left on base; Atlanta 2 - Northern Virginia 2
TOP OF THE 11TH
Atlanta Smoke batting - Pitching for Northern Virginia Retrievers : RHP Jud White
Now at SS: Carlos Vázquez
Batting: LHB Egidio Agnolutto 0-0: Called Strike
0-1: Ball
1-1: Ball
2-1: Foul Ball, location: 2F
2-2: Foul Ball, location: 2F
2-2: Fly out, F7 (Flyball, 7D)
Batting: LHB Mike Blue 0-0: Called Strike
0-1: Reached on Error, E6 (Popup, 6D)
Batting: RHB Chris Smith 0-0: Foul Ball, location: 2F
0-1: Ball
1-1: Ball
2-1: Foul Ball, location: 2F
2-2: Strikes out swinging
Batting: RHB Stan Hughes 0-0: Called Strike
0-1: Foul Ball, location: 2F
0-2: Ball
1-2: Ball
2-2: Fly out, F3 (Popup, 3SF)
Top of the 11th over - 0 run(s), 0 hit(s), 1 error(s), 1 left on base; Atlanta 2 - Northern Virginia 2
BOTTOM OF THE 11TH
Northern Virginia Retrievers batting - Pitching for Atlanta Smoke : LHP Randy Hoffman
Batting: RHB Donald Stanley 0-0: Ball
1-0: Ball
2-0: Ball
3-0: Base on Balls
Pinch Hitting: RHB Don Brown 0-0: Ball
Donald Stanley is caught stealing 2nd base
1-0: Foul Ball, location: 2F
1-1: Ground out 6-3 (Groundball, 6S)
Batting: RHB Casey Washington 0-0: Ball
1-0: Ball
2-0: Called Strike
2-1: Ball
3-1: Base on Balls
Pinch Hitting: LHB Jesús Pérez 0-0: Ball
1-0: Ball
2-0: Foul Ball, location: 2F
2-1: Ball
3-1: Fly out, F9 (Line Drive, 9M)
Bottom of the 11th over - 0 run(s), 0 hit(s), 0 error(s), 1 left on base; Atlanta 2 - Northern Virginia 2
TOP OF THE 12TH
Atlanta Smoke batting - Pitching for Northern Virginia Retrievers : RHP Jud White
Pitching: RHP Cam Herman
Now in RF: Anrrique Bolo
Batting: LHB Armando Esparza 0-0: Called Strike
0-1: Foul Ball, location: 2F
0-2: Ground out 1-3 (Groundball, 3S)
Batting: RHB Nate Cates 0-0: Called Strike
0-1: Ball
1-1: Fly out, F7 (Flyball, 7D)
Batting: RHB Mal Bussard 0-0: Called Strike
0-1: SINGLE (Groundball, 5L)
Batting: LHB Roberto Rodríguez 0-0: Ball
1-0: Ball
2-0: Called Strike
2-1: Ground out 4-3 (Groundball, 4)
Top of the 12th over - 0 run(s), 1 hit(s), 0 error(s), 1 left on base; Atlanta 2 - Northern Virginia 2
BOTTOM OF THE 12TH
Northern Virginia Retrievers batting - Pitching for Atlanta Smoke : LHP Randy Hoffman
Batting: RHB Shi-young Chang 0-0: Ground out 6-3 (Groundball, 56)
Batting: LHB Ye Der 0-0: Ball
1-0: Ball
2-0: Ball
3-0: Foul Ball, location: 2F
3-1: Called Strike
3-2: Foul Ball, location: 2F
3-2: Strikes out looking
Batting: RHB Ben Ross 0-0: Foul Ball, location: 2F
0-1: Foul Ball, location: 2F
0-2: Foul Ball, location: 2F
0-2: Fly out, F9 (Flyball, 9M)
Bottom of the 12th over - 0 run(s), 0 hit(s), 0 error(s), 0 left on base; Atlanta 2 - Northern Virginia 2
TOP OF THE 13TH
Atlanta Smoke batting - Pitching for Northern Virginia Retrievers : RHP Cam Herman
Pinch Hitting: RHB Leandro Tuzzi 0-0: Called Strike
0-1: Ground out 6-3 (Groundball, 6S)
Batting: LHB Egidio Agnolutto 0-0: Foul Ball, location: 2F
0-1: Fly out, F7 (Line Drive, 78S)
Batting: LHB Mike Blue 0-0: Fly out, F7 (Popup, 6MD)
Top of the 13th over - 0 run(s), 0 hit(s), 0 error(s), 0 left on base; Atlanta 2 - Northern Virginia 2
BOTTOM OF THE 13TH
Northern Virginia Retrievers batting - Pitching for Atlanta Smoke : LHP Randy Hoffman
Pitching: RHP Fred Pitts
Batting: RHB Manuel Romo 0-0: Swinging Strike
0-1: Called Strike
0-2: Ball
1-2: Foul Ball, location: 2F
1-2: Foul Ball, location: 2F
1-2: Strikes out swinging
Batting: RHB Carlos Vázquez 0-0: Ball
1-0: Fly out, F8 (Flyball, 8LM)
Batting: RHB Donald Stanley 0-0: Ball
1-0: Ball
2-0: Swinging Strike
2-1: Ball
3-1: Called Strike
3-2: Base on Balls
Batting: RHB Anrrique Bolo 0-0: Called Strike
Donald Stanley is caught stealing 2nd base
Bottom of the 13th over - 0 run(s), 0 hit(s), 0 error(s), 0 left on base; Atlanta 2 - Northern Virginia 2
TOP OF THE 14TH
Atlanta Smoke batting - Pitching for Northern Virginia Retrievers : RHP Cam Herman
Batting: RHB Chris Smith 0-0: Ball
1-0: Ball
2-0: Called Strike
2-1: Ground out 5-3 (Groundball, 5L)
Batting: RHB Stan Hughes 0-0: Called Strike
0-1: Foul Ball, location: 2F
0-2: Foul Ball, location: 2F
0-2: Ball
1-2: Ball
2-2: Ball
3-2: Ground out 1-3 (Groundball, 13S)
Batting: LHB Armando Esparza 0-0: Called Strike
0-1: Ball
1-1: Ball
2-1: Called Strike
2-2: DOUBLE (Line Drive, 89M)
Batting: RHB Nate Cates 0-0: Called Strike
0-1: Ball
1-1: Foul Ball, location: 2F
1-2: Ball
2-2: 2-RUN HOME RUN (Flyball, 8RXD), Distance : 439 ft
Batting: RHB Mal Bussard 0-0: Ball
1-0: Called Strike
1-1: Ball
2-1: Called Strike
2-2: Ball
3-2: Ground out 4-3 (Groundball, 4)
Top of the 14th over - 2 run(s), 2 hit(s), 0 error(s), 0 left on base; Atlanta 4 - Northern Virginia 2
BOTTOM OF THE 14TH
Northern Virginia Retrievers batting - Pitching for Atlanta Smoke : RHP Fred Pitts
Batting: RHB Anrrique Bolo 0-0: Called Strike
0-1: Ball
1-1: Ball
2-1: Ground out 3-1 (Groundball, 23)
Pitching: RHP Christian Pitts
Now at C: Scott Forrest
Batting: RHB Casey Washington 0-0: Ball
1-0: Fly out, F8 (Flyball, 8LM)
Batting: LHB Cam Herman 0-0: Called Strike
0-1: Ball
1-1: Foul Ball, location: 2F
1-2: Ball
2-2: Ball
3-2: Foul Ball, location: 2F
3-2: Fly out, F8 (Popup, 6MD)
Bottom of the 14th over - 0 run(s), 0 hit(s), 0 error(s), 0 left on base; Atlanta 4 - Northern Virginia 2
This league is powered by Out of the Park Baseball, the baseball management simulation game for PC, Mac and Linux
Monday, May 4th, 2015 - OOTP Baseball 15.6 Build 34